 Dungeon Crawl Stone Soup version 0.29-a0-380-gf50f0a9fbc (webtiles) character file.

Game seed: 18353293965482352886

37 Hubjo the Firebug (level 3, -3/20 HPs)
             Began as a Deep Elf Fire Elementalist on May 5, 2022.
             Was a Follower of Qazlal.
             Killed from afar by a dart slug (4 damage)
             ... with a slug dart
             ... on level 2 of the Dungeon.
             The game lasted 00:02:23 (2613 turns).

Hubjo the Firebug (Deep Elf Fire Elementalist)      Turns: 2613, Time: 00:02:24

Health: -3/20      AC:  2    Str:  5    XL:     3   Next: 21%
Magic:  9/9        EV: 13    Int: 19    God:    Qazlal [*.....]
Gold:   48         SH:  1    Dex: 17    Spells: 7/8 levels left

rFire   . . .      SeeInvis .   (no weapon)
rCold   . . .      Faith    .   (no shield)
rNeg    . . .      Spirit   .   a - +0 robe
rPois   .          Reflect  .   (no helmet)
rElec   .          Harm     .   (no cloak)
rCorr   .          Rampage  .   (no gloves)
Will    .....                   (no boots)
Stlth   ++........              (no amulet)
HPRegen 0.06/turn               (no ring)
MPRegen 0.11/turn               (no ring)

@: no status effects
A: no striking features
a: Renounce Religion


You were on level 2 of the Dungeon.
You worshipped Qazlal.
Qazlal was aware of your devotion.
You visited 1 branch of the dungeon, and saw 2 of its levels.

You collected 48 gold pieces.

Inventory:

Armour
 a - a +0 robe (worn)
Jewellery
 i - an amulet of the acrobat
Scrolls
 d - a scroll of silence {unknown}
 e - a scroll of teleportation {unknown}
 f - a scroll of amnesia {unknown}
 h - a scroll of fog {unknown}
 j - a scroll of brand weapon {unknown}
Potions
 b - a potion of magic
 c - a potion of invisibility {unknown}
 g - 2 potions of curing {unknown}


   Skills:
 * Level 1.3 Fighting
 - Level 2.4 Dodging
 + Level 3.0 Stealth
 + Level 3.4 Spellcasting
 - Level 1.1 Conjurations
 + Level 3.6 Fire Magic


You had 7 spell levels left.
You knew the following spells:

 Your Spells              Type           Power      Damage    Failure   Level
a - Foxfire               Conj/Fire      48%        2x1d6     5%          1

Your spell library contained the following spells:

 Spells                   Type           Power      Damage    Failure   Level
 Scorch                   Fire           34%        2d7       4%          2
 Conjure Flame            Conj/Fire      12%        6-21      16%         3
 Inner Flame              Hex/Fire       10%        N/A       21%         3
 Flame Wave               Conj/Fire      12%        2d6       47%         4


Dungeon Overview and Level Annotations

Branches:
Dungeon (2/15)

Altars:
Qazlal
Xom


Message History

There is an open door here.
The rat bites you. The rat misses you. The rat misses you.
The dart slug launches a dart at you. The slug dart misses you.
The rat misses you. The dart slug launches a dart at you.
The slug dart hits you. The rat bites you. The dart slug barely misses you.
The rat closely misses you. The rat bites you but does no damage.
The dart slug launches a dart at you. The slug dart hits you.
The rat bites you but does no damage. The dart slug closely misses you.
The rat bites you. The rat barely misses you. The dart slug barely misses you.
The rat bites you. The dart slug bites you. The rat misses you.
The rat closely misses you. The dart slug barely misses you.
The rat closely misses you. The dart slug bites you.
* * * LOW HITPOINT WARNING * * *
You block the rat's attack. The dart slug misses you.
The rat closely misses you. The rat closely misses you.
The dart slug bites you.
* * * LOW HITPOINT WARNING * * *
The rat closely misses you. The dart slug misses you.
The rat closely misses you. The rat closely misses you.
The dart slug launches a dart at you. The slug dart hits you.
* * * LOW HITPOINT WARNING * * *
The rat is engulfed in blazing flames.
You kill the rat!
Qazlal accepts your kill. The dart slug misses you.
The dart slug barely misses you. The dart slug launches a dart at you.
The slug dart hits you.
You die...

.########.......#.##
.##.................
.....####...#####.#.
.##...# ##.####.....
.##.######.......#####
#...##...##.....##?..##
#.###.....##...##.....##
#..#.......#...#.w...(.#
##.#.......†...'@†..$?.#
#..#.......#...#☼○....?#
...##.....##...##.....##
...###...###...# #...##
.#.# ##### #...# ####
.#.# #...# .#.# #...#
.#.# #...# .#.#


You could see a dart slug.

Vanquished Creatures
  2 dart slugs (D:1)
  5 ball pythons (D:1)
  4 endoplasms (D:1)
  2 giant cockroaches
  3 goblins (D:1)
  3 hobgoblins
  4 kobolds (D:1)
  5 bats (D:1)
  A frilled lizard (D:1)
  2 rats
31 creatures vanquished.

Vanquished Creatures (collateral kills)
  A foxfire (D:1)
1 creature vanquished.

Vanquished Creatures (others)
  120 foxfires (D:1)
120 creatures vanquished.

Grand Total: 152 creatures vanquished

Notes
Turn   | Place    | Note
-------+----------+-------------------------------------------
     0 | D:1      | Hubjo the Deep Elf Fire Elementalist began the quest for
                  | the Orb.
     0 | D:1      | Reached XP level 1. HP: 10/10 MP: 6/6
   387 | D:1      | Reached XP level 2. HP: 16/16 MP: 2/8
   987 | D:1      | Reached skill level 1 in Fighting
  1398 | D:1      | Reached XP level 3. HP: 20/20 MP: 5/9
  1501 | D:1      | Found a faded altar of an unknown god.
  1501 | D:1      | Noticed an Ice Fiend
  1535 | D:1      | Prayed at the altar of an unknown god.
  1535 | D:1      | Became a worshipper of Qazlal Stormbringer
  1535 | D:1      | Reached * piety under Qazlal
  2136 | D:2      | Found a shimmering altar of Xom.
  2609 | D:2      | HP: 1/20 [dart slug/slug dart (3)]
  2613 | D:2      | Killed from afar by a dart slug

Illustrated notes

Levels and vault maps discovered:
D:1:      dpeg_arrival_connections, layout_basic,
          dreamdust_ecumenical_altar_sealed_demon
D:2:      kennysheep_six_static_rooms, layout_loops_ring, basic_altar,
          uniq_crazy_yiuf_cottage

Skill      XL: |  1  2 |
---------------+-------+-----
Fighting       | 1 |  1.3
Stealth        | 3 |  3.0
Dodging        | |  2.4
Spellcasting   | |  3.4
Conjurations   | |  1.1
Fire Magic     | |  3.6

Action                   || total
-------------------------++-------
Melee: Unarmed           ||     4
 Cast: Foxfire           ||    76
Armor: Robe              ||    29
Dodge: Dodged            ||   123
Block: Other             ||     6

Table legend: (Time is in decaauts)
 A = Elapsed time spent in this place.
 B = Non-inter-level travel time spent in this place.
 C = Inter-level travel time spent in this place.
 D = Time resting spent in this place.
 E = Time spent auto-exploring this place.
 F = Levels seen in this place.
 G = Mean time per level.
                   A        B        C        D        E       F      G
               +--------+--------+--------+--------+--------+-----+--------+
         Total |   2612 |   2499 |    113 |      0 |   2095 |   2 | 1306.0 |
       Dungeon |   2612 |   2499 |    113 |      0 |   2095 |   2 | 1306.0 |
               +--------+--------+--------+--------+--------+-----+--------+

Top non-repeatable levels by time:
     D:1: 2021 daAuts
     D:2: 591 daAuts
